 Dungeon Crawl Stone Soup version 0.24.0-125-gc4c63601f3 (webtiles) character file.

Game seed: 15329848964199230197, levelgen mode: deterministic

504 Peloso the Shield-Bearer (level 6, 0/56 HPs)
             Began as a Minotaur Fighter on Mar 16, 2020.
             Slain by a killer bee (3 damage)
             ... on level 7 of the Dungeon.
             The game lasted 00:05:23 (3012 turns).

Peloso the Shield-Bearer (Minotaur Fighter)         Turns: 3012, Time: 00:05:24

Health: 0/56       AC: 11    Str: 26    XL:     6   Next: 96%
Magic:  14/14      EV:  7    Int:  5    God:
Gold:   179        SH: 11    Dex: 11    Spells: 5/5 levels left

rFire    . . .     SeeInvis .   a - +0 long sword
rCold    . . .     Gourm    .   c - +0 shield
rNeg     . . .     Faith    .   s - +0 chain mail
rPois    .         Spirit   .   (helmet restricted)
rElec    .         Reflect  .   (no cloak)
rCorr    +         Harm     .   (no gloves)
MR       .....                  x - +0 pair of boots (curse)
Stlth    ..........             (no amulet)
HPRegen  0.18/turn              i - ring of resist corrosion
MPRegen  0.14/turn              n - ring of magical power

@: mighty, lethally poisoned (0 -> -7)
A: retaliatory headbutt, horns 2
a: no special abilities


You were on level 7 of the Dungeon.
You were hungry.

You visited 1 branch of the dungeon, and saw 5 of its levels.

You collected 179 gold pieces.

Inventory:

Hand Weapons
 a - a +0 long sword (weapon)
 j - a +0 short sword of venom
Armour
 b - a +0 scale mail
 c - a +0 shield (worn)
 s - a +0 chain mail (worn)
 x - a cursed +0 pair of boots (worn)
Jewellery
 i - a ring of resist corrosion (left hand)
 n - a ring of magical power (right hand)
Wands
 u - a wand of digging (10)
Scrolls
 e - a scroll of blinking {unknown}
 h - 2 scrolls of remove curse {unknown}
 k - a scroll of teleportation {unknown}
 m - 3 scrolls of magic mapping {unknown}
 p - 2 scrolls of identify {unknown}
 r - a scroll of enchant armour {unknown}
 t - 5 scrolls of fear {unknown}
 v - a scroll of amnesia {unknown}
 w - a scroll of enchant weapon {unknown}
 y - a scroll of fog {unknown}
Potions
 g - 4 potions of heal wounds
 l - a potion of flight
 o - 2 potions of haste
 q - 2 potions of curing
Comestibles
 f - 7 rations


   Skills:
 + Level 5.1 Fighting
 + Level 5.2 Long Blades
 + Level 5.2 Armour
 + Level 1.7 Dodging
 + Level 0.3 Stealth
 + Level 5.8 Shields


You had 5 spell levels left.
You didn't know any spells.
Your spell library was empty.

Dungeon Overview and Level Annotations

Branches:
Dungeon (4/15)
 Temple: D:4-7

Altars:
Cheibriados
Dithmenos
Wu Jian

Shops:
D:4 =

Annotations:
D:7 Joseph, Menkaure


Innate Abilities, Weirdness & Mutations

You reflexively headbutt those who attack you in melee.
You have a pair of horns on your head.


Message History

The killer bee stings you but does no damage.
The killer bee barely misses you. Menkaure hits you!
Unknown command.
You hit Menkaure.
Menkaure is heavily damaged.
The killer bee closely misses you. You block the killer bee's attack. x2
The killer bee stings you but does no damage.
The killer bee stings you. The killer bee barely misses you.
You furiously retaliate!
You headbutt the killer bee! The killer bee stings you.
* * * LOW HITPOINT WARNING * * *
Menkaure hits you!
* * * LOW HITPOINT WARNING * * *
The killer bee stings you.
* * * LOW HITPOINT WARNING * * *
You are lethally poisoned!
The killer bee poisons you!
The killer bee stings you but does no damage.
The killer bee stings you.
You die...

.. ###. .....
...K.# . ...K#
... .Fy##
....K#My####.##
....hyy@yF5....
...hh##y#.....#
... #Z. ..... .
##.. .?.. ..@
... #... .#
.... # .....


You could see Joseph, a big kobold, Menkaure, 2 bullfrogs, 6 killer bees, a
crimson imp, 3 jackals, 2 kobolds and a centaur skeleton.

Vanquished Creatures
  An ogre (D:4)
  A scorpion (D:4)
  A hound (D:4)
  An orc wizard (D:4)
  Jessica (D:2)
  Ijyb (D:4)
  Natasha (twice) (D:4)
  Terence (D:3)
  An iguana (D:4)
  7 adders
  An adder skeleton (D:4)
  2 worms
  5 dart slugs
  4 leopard geckos
  6 orcs
  A ball python (D:2)
  4 giant cockroaches
  7 goblins
  9 hobgoblins
  6 kobolds
  A quokka (D:4)
  4 bats
  5 frilled lizards
  6 rats
78 creatures vanquished.

Notes
Turn   | Place    | Note
-------+----------+-------------------------------------------
     0 | D:1      | Peloso the Minotaur Fighter began the quest for the Orb.
     0 | D:1      | Reached XP level 1. HP: 19/19 MP: 0/0
   268 | D:1      | Reached XP level 2. HP: 26/27 MP: 1/1
   596 | D:2      | Found a shadowy altar of Dithmenos.
   603 | D:2      | Reached XP level 3. HP: 34/34 MP: 2/2
   927 | D:2      | Reached XP level 4. HP: 28/41 MP: 3/3
   995 | D:2      | Noticed Jessica
  1007 | D:2      | Killed Jessica
  1498 | D:3      | Noticed Terence
  1510 | D:3      | Killed Terence
  1605 | D:3      | Found an ornate altar of the Wu Jian Council.
  1659 | D:3      | Reached XP level 5. HP: 47/47 MP: 4/4
  1711 | D:3      | Found a snail-covered altar of Cheibriados.
  1730 | D:3      | Reached skill level 1 in Dodging
  2117 | D:4      | Noticed Natasha
  2124 | D:4      | Killed Natasha
  2124 | D:4      | Reached skill level 5 in Fighting
  2124 | D:4      | Reached skill level 5 in Shields
  2152 | D:4      | Reached XP level 6. HP: 20/56 MP: 5/5
  2432 | D:4      | Reached skill level 5 in Armour
  2688 | D:4      | Reached skill level 5 in Long Blades
  2871 | D:4      | Noticed Natasha
  2879 | D:4      | Killed Natasha
  2933 | D:4      | Found Sownan's Jewellery Emporium.
  2976 | D:4      | Noticed Ijyb
  2997 | D:4      | Killed Ijyb
  3008 | D:4      | You fall into a shaft and drop 3 floors!
  3008 | D:7      | Noticed Menkaure
  3010 | D:7      | Noticed Joseph
  3012 | D:7      | Slain by a killer bee

Levels and vault maps discovered:
D:1:      scummos_arrival_hexagon, layout_loops_ring, hangedman_decor_points
D:2:      layout_basic, dk_vineyard_3, nicolae_dithmenos_through_a_glass_darkly,
          uniq_jessica
D:3:      layout_rooms, lemuel_doored_altar, kennysheep_slug_shrine,
          uniq_terence
D:4:      layout_gridville, serial_shops, shop, uniq_ijyb, uniq_natasha,
          uniq_sigmund
D:7:      gammafunk_steamed_eel, layout_rooms, uniq_duvessa, uniq_pikel,
          uniq_joseph, uniq_menkaure

Skill      XL: |  1  2  3  4  5  6 |
---------------+-------------------+-----
Shields        | 4 5 |  5.8
Fighting       | 4 5 |  5.1
Armour         | 4 5 |  5.2
Long Blades    | 3 4 5 |  5.2
Dodging        | 1 |  1.7
Stealth        | |  0.3

Action                   |  1- 3 |  4- 6 || total
-------------------------+-------+-------++-------
Melee: Long sword        |    83 |   153 ||   236
       Headbutt          |    11 |    28 ||    39
  Use: Potion            |       |     6 ||     6
  Eat: Ration            |       |     1 ||     1
       Chunk             |       |     3 ||     3
Armor: Scale mail        |    48 |     4 ||    52
       Chain mail        |       |    75 ||    75
Dodge: Dodged            |    27 |    41 ||    68
Block: Shield            |    48 |   100 ||   148
       Rpst.: Long sword |     7 |    14 ||    21
